cohdb
Replays
Latest Replays
All Replays
Popular Replays
Top Player Replays
Match Explorer
How It Works
Community
CoH3 Stats
Reddit
Sign in to upload your games and track your stats! →
Sign in with Steam
Match 40135780
Unlisted
Match 40135780
Overview
Messages
Build Orders
End
Selects Panzerjäger Kommand Battlegroup
Panzerpioneer Squad
250 Light Carrier
Panzergrenadier Squad
Panzergrenadier Squad
Selects Blockade Equipment
Construct Light Support Kompanie
Selects Tank Busters
MG34 Team
Panzerjäger Squad
Panzerjäger Squad
Construct Mechanized Kompanie
2.5-tonne Medical Truck
Assault Mechanized Group
Fire Support Elements
Belisarius
der schnelle Blücher
Chief_Eis_Verkäufer
Nu_Ohm
[GG]Onkel Stonkel
[GG]Quiq
0
0
Comments
sign in to comment!
No comments posted yet!